Map: Catalyst LE

Players

Seismic

  • Race: Terran Terran
  • League: Gold
  • Spawn Location: 5:00

A.I. 1 (Easy)

  • Race: Protoss Protoss
  • Spawn Location: 11:00

VOD

Have the link to the VOD?

Description

Time

  • Played on: Feb. 27, 2018, 5:51 p.m.
  • Length: 4:21
Show
View Real Time Build Order
Export as new Build Order

Seismic Terran 

Build Orders:  

Get SALT Encoding   

  1  0:00  SCV x12, Orbital Command  
    0:12  SCV  
  13  0:27  Supply Depot  
  14  0:29  SCV  
  14  0:41  SCV  
  15  0:46  Refinery  
  15  0:54  SCV  
  16  1:01  Barracks  
  16  1:06  SCV  
  17  1:19  SCV  
  18  1:31  SCV  
  19  1:49  Barracks Reactor  
  19  1:50  Orbital Command  
  19  2:06  Command Center  
  19  2:17  Factory  
  19  2:24  SCV  
  20  2:35  Marine  
  20  2:36  Marine  
  22  2:38  Supply Depot  
  22  2:53  SCV  
  23  3:06  Factory Tech Lab, Starport  
  23  3:14  Marine x2, Supply Depot  
  23  3:15  SCV  
  26  3:20  Refinery  
  27  3:28  Orbital Command  
  27  3:30  SCV  
  27  3:36  Marine x2  
  27  3:39  Siege Tank  
  32  3:43  SCV  
  33  3:56  SCV x2  
  33  3:57  Marine x2  
  37  4:14  Supply Depot  
Show
View Real Time Build Order
Export as new Build Order

A.I. 1 (Easy) Protoss 

Build Orders:  

Get SALT Encoding   

  1  0:00  Probe x12  
    0:09  Unknown  
    0:10  Probe  
  13  0:28  Probe  
  14  0:30  Pylon  
  14  0:40  Probe  
  15  0:49  Probe  
  16  0:57  Probe  
  17  1:06  Probe  
  18  1:20  Nexus  
  18  1:30  Gateway  
  18  1:34  Assimilator  
  18  1:44  Pylon  
  18  2:03  Assimilator  
  18  2:08  Zealot  
  18  2:21  Cybernetics Core  
  20  2:39  Probe  
  21  2:44  Probe  
  22  2:51  Probe  
  22  2:56  Probe  
  22  2:57  Adept  
  26  3:29  Stalker  
Tags
 
League
Gold
Matchup
PvT
Spawn Locations
Cross Positions
Add a new tag
Caveats
  • Supply blocks, unpowered buildings, or Contaminate may cause inaccurate times.
  • Supply counts are checked every 10 seconds.